 Dungeon Crawl Stone Soup version 0.21-a0-528-gf531e82 (webtiles) character file.

791 robertstho the Magician (level 7, 0/55 HPs)
             Began as a Deep Elf Air Elementalist on Dec 8, 2017.
             Succumbed to a scorpion's poison
             ... on level 7 of the Dungeon.
             The game lasted 00:14:29 (4593 turns).

robertstho the Magician (Deep Elf Air Elementalist) Turns: 4593, Time: 00:14:30

Health: 0/55       AC: 23    Str:  5    XL:     7   Next: 57%
Magic:  2/20       EV:  2    Int: 22    God:
Gold:   244        SH:  0    Dex: 15    Spells: 14/21 levels left

rFire    . . .     SeeInvis .   D - +0 hand crossbow
rCold    . . .     Gourm    .   (no shield)
rNeg     + + +     Faith    .   (armour currently unavailable)
rPois    +         Spirit   .   (helmet currently unavailable)
rElec    .         Reflect  .   (cloak currently unavailable)
rCorr    .         Harm     .   (gloves currently unavailable)
MR       .....     NoTele   +   (boots currently unavailable)
Stlth    ++........             (no amulet)
HPRegen  0.18/turn              y - +4 ring of evasion
MPRegen  0.17/turn              (no ring)

@: lethally poisoned (0 -> -1), tree-form (expiring)
A: no striking features
a: no special abilities


You were on level 7 of the Dungeon.
You were not hungry.
You were a tree.
You visited 1 branch of the dungeon, and saw 7 of its levels.

You collected 307 gold pieces.
You spent 63 gold pieces at shops.

Inventory:

Hand Weapons
 d - a +0 hunting sling
 f - a +0 whip
 n - a +0 hand axe
 D - a +0 hand crossbow (weapon)
Missiles
 j - 62 sling bullets
 t - 178 stones
 z - 18 bolts (quivered)
Armour
 a - a +0 robe (melded)
 m - a +0 pair of gloves (melded)
Magical Staves
 q - an uncursed staff of earth
Jewellery
 y - a +4 ring of evasion (left branch)
 B - an uncursed ring of protection from fire {unknown}
Wands
 g - a wand of random effects (23)
 l - a wand of polymorph (18)
 F - a wand of clouds (6)
 G - a wand of enslavement (10)
 L - a wand of paralysis (9)
Scrolls
 e - a scroll of enchant weapon {unknown}
 k - 2 scrolls of magic mapping
 o - a scroll of blinking {unknown}
 s - 2 scrolls of fog {unknown}
 w - 3 scrolls of remove curse {unknown}
 x - a scroll of enchant armour {unknown}
 C - a scroll of immolation {unknown}
 H - a scroll of noise {unknown}
 K - a scroll of fear {unknown}
Potions
 h - a potion of might
 p - a potion of haste
 u - a potion of agility
 v - 2 potions of brilliance
 A - 3 potions of flight
Books
 b - a book of Air

   Spells                             Type                      Level
   a - Shock                          Conjuration/Air              1
   b - Swiftness                      Charms/Air                   2
   c - Static Discharge               Conjuration/Air              3
   d - Airstrike                      Air                          4
   e - Lightning Bolt                 Conjuration/Air              5
 I - a book of Changes

   Spells                             Type                      Level
   a - Beastly Appendage              Transmutation                1
   b - Sticks to Snakes               Transmutation                2
   c - Spider Form                    Transmutation/Poison         3
   d - Ice Form                       Ice/Transmutation            4
   e - Blade Hands                    Transmutation                5
Comestibles
 c - 5 bread rations
 i - 2 meat rations
 E - 8 fruits
 J - a royal jelly


   Skills:
 + Level 0.4 Fighting
 + Level 0.1 Axes
 + Level 1.6 Crossbows
 + Level 2.9 Dodging
 - Level 2.4 Stealth
 * Level 7.9 Spellcasting
 + Level 3.6 Conjurations
 + Level 0.2 Charms
 * Level 5.5 Air Magic


You had 14 spell levels left.
You knew the following spells:

 Your Spells              Type           Power        Failure   Level  Hunger
a - Shock                 Conj/Air       ####         1%          1    None
b - Swiftness             Chrm/Air       ###.....     3%          2    None
c - Airstrike             Air            ####......   8%          4    ###....


Dungeon Overview and Level Annotations

Branches:
Dungeon (7/15)
 Temple: D:4-7

Altars:
Dithmenos
Gozag
Makhleb
Ru
Trog
Xom
Zin
The Shining One

Shops:
D:4 (

Annotations:
D:3 isock's ghost, novice GnWn
D:4 Dowan; Duvessa
D:5 jaclynhyde's ghost, novice GrEE


Message History

Your +0 robe melds into your body.
Your roots penetrate the ground.
You start to feel a little faster.
* * * LOW HITPOINT WARNING * * *
You feel sick.
* * * LOW HITPOINT WARNING * * *
You feel sick.
* * * LOW HITPOINT WARNING * * *
You feel sick.
You no longer feel sluggish.
* * * LOW HITPOINT WARNING * * *
You feel sick.
* * * LOW HITPOINT WARNING * * *
You feel sick.
* * * LOW HITPOINT WARNING * * *
You feel sick.
Okay, then.
* * * LOW HITPOINT WARNING * * *
You feel sick.
Your transformation is almost over.
You die...

.#####.... .........#
.........#
...s.....##
##........###
............#
####.####.##......
#....# #.# #.$.. #♣#
#s# .#. #†# #.#
#####.# #.####...
#.....#######s.....#
#..##......s#..######
.. #..........#
#.........##
#.....).### #....<..#


There were no monsters in sight!

Vanquished Creatures
  Menkaure (D:5)
  An ogre (D:4)
  A bullfrog (D:7)
  A scorpion (D:7)
  2 crimson imps
  A centaur skeleton (D:7)
  2 hounds (D:4)
  A jelly (D:5)
  3 orc wizards
  Ijyb (D:5)
  A worker ant (D:7)
  A hound skeleton (D:6)
  5 adders
  An ooze (D:3)
  4 worms
  4 dart slugs
  3 leopard geckos
  6 orcs
  8 bats
  3 giant cockroaches
  9 goblins
  3 hobgoblins
  8 jackals
  6 kobolds
  2 quokkas
  4 frilled lizards
  2 rats (D:2)
84 creatures vanquished.

Notes
Turn   | Place    | Note
-------+----------+-------------------------------------------
     0 | D:1      | robertstho the Deep Elf Air Elementalist began the quest for the Orb.
     0 | D:1      | Reached XP level 1. HP: 10/10 MP: 6/6
   222 | D:1      | Reached XP level 2. HP: 15/15 MP: 1/8
   227 | D:1      | Learned a level 2 spell: Swiftness
   886 | D:2      | Reached skill level 4 in Spellcasting
   925 | D:2      | Found a faded altar of an unknown god.
   939 | D:2      | Reached XP level 3. HP: 9/19 MP: 5/10
  1170 | D:2      | Found a shimmering altar of Xom.
  1276 | D:2      | Found a sacrificial altar of Ru.
  1293 | D:2      | Found a shadowy altar of Dithmenos.
  1393 | D:2      | Found a shimmering altar of Xom.
  1703 | D:3      | Reached XP level 4. HP: 8/24 MP: 3/12
  1889 | D:3      | Noticed isock's ghost (novice GnWn)
  2070 | D:3      | Reached skill level 5 in Spellcasting
  2074 | D:3      | Found a bloodstained altar of Trog.
  2117 | D:3      | Found a glowing golden altar of the Shining One.
  2504 | D:4      | Noticed Duvessa
  2504 | D:4      | Noticed Dowan
  2520 | D:4      | Learned a level 4 spell: Airstrike
  2571 | D:4      | Found a glowing silver altar of Zin.
  2572 | D:4      | Found an opulent altar of Gozag.
  2611 | D:4      | Found Biec's Antique Weapon Emporium.
  2627 | D:4      | Reached XP level 5. HP: 28/28 MP: 7/14
  2629 | D:4      | Bought a hand crossbow for 63 gold pieces
  2769 | D:4      | Found a burning altar of Makhleb.
  2769 | D:4      | Noticed an ogre
  2781 | D:4      | Reached skill level 6 in Spellcasting
  2819 | D:4      | Killed an ogre
  2819 | D:4      | Reached XP level 6. HP: 23/32 MP: 2/17
  3515 | D:5      | Entered Level 5 of the Dungeon
  3530 | D:5      | Noticed Menkaure
  3535 | D:5      | Killed Menkaure
  3535 | D:5      | Reached skill level 7 in Spellcasting
  3622 | D:5      | Reached skill level 1 in Crossbows
  3622 | D:5      | Reached XP level 7. HP: 23/37 MP: 11/19
  3874 | D:5      | Noticed Ijyb
  3881 | D:5      | Killed Ijyb
  3881 | D:5      | Reached skill level 5 in Air Magic
  4125 | D:5      | Noticed jaclynhyde's ghost (novice GrEE)
  4585 | D:7      | HP: 2/55 [poisoned by a scorpion]
  4593 | D:7      | Succumbed to a scorpion's poison

Vault maps used:
D:1:      dpeg_arrival_chase
D:2:      lemuel_crystal_altar, nicolae_ru_the_path_less_chosen,
          nicolae_overflow_crystal_walls,
          chequers_ecumenical_altar_simple_redux, xom_teletrap_fun
D:3:      lemuel_doored_altar, trog_three_pillars_becter
D:4:      grunt_temple_overflow_gold_and_silver, serial_shops,
          nicolae_shop_waterfront, first_bread, makhleb_heckhound_becter,
          uniq_duvessa
D:5:      minmay_misc_feat_square, palyth_stone_intersect, uniq_ijyb,
          uniq_menkaure
D:6:      temple_statues, basic_altar, uniq_sigmund, uniq_pikel,
          uniq_crazy_yiuf_cottage
D:7:      basic_altar

Skill      XL: |  1  2  3  4  5  6  7 |
---------------+----------------------+-----
Spellcasting   | 4 5 6 7 |  7.9
Conjurations   | 2 3 |  3.6
Air Magic      | 4 5 |  5.5
Crossbows      | 1 |  1.6
Fighting       | |  0.4
Axes           | |  0.1
Dodging        | |  2.9
Stealth        | |  2.4
Charms         | |  0.2

Action                   |  1- 3 |  4- 6 |  7- 9 || total
-------------------------+-------+-------+-------++-------
Melee: Hand axe          |     6 |     5 |       ||    11
 Fire: Hand crossbow     |       |    25 |     3 ||    28
 Cast: Shock             |    96 |    90 |    49 ||   235
       Swiftness         |       |     2 |     2 ||     4
       Airstrike         |       |       |     2 ||     2
  Use: Scroll            |       |     9 |       ||     9
       Potion            |       |     5 |     1 ||     6
  Eat: Chunk             |     2 |     4 |       ||     6
       Meat ration       |       |     1 |       ||     1
Armor: Robe              |     6 |     5 |       ||    11
Dodge: Dodged            |    15 |    52 |    24 ||    91

Table legend:
 A = Spawn XP
 B = Non-spawn XP
 C = Spawn XP percentage of total XP
 D = Spawn monster count
 E = Non-spawn monster count
 F = Spawn count percentage of total count
 G = Total turns spent on level
                    A         B        C        D         E        F      G
               +---------+---------+-------+---------+---------+-------+---------
         Total |       0 |    1131 |   0.0 |       0 |      84 |   0.0 |  4593
               +---------+---------+-------+---------+---------+-------+---------
           D:1 |       0 |      31 |   0.0 |       0 |      15 |   0.0 |   875
           D:2 |       0 |      53 |   0.0 |       0 |      19 |   0.0 |  1086
           D:3 |       0 |     108 |   0.0 |       0 |      19 |   0.0 |   824
           D:4 |       0 |     312 |   0.0 |       0 |      13 |   0.0 |   730
           D:5 |       0 |     306 |   0.0 |       0 |       8 |   0.0 |   639
           D:6 |       0 |      74 |   0.0 |       0 |       5 |   0.0 |   355
           D:7 |       0 |     247 |   0.0 |       0 |       5 |   0.0 |    84
               +---------+---------+-------+---------+---------+-------+---------
